Zazza, neutral female human Tourist ---- ---- --- |..------ ---- |..| -------- --------------.--- |...--..------..-- --..---- --..|.|.---................| ---.......--.....---- ---|......--------...............--------...| |.................| ---- --.---.............................-- --.-- ---.-.............| |..---............-------................| |.| |....|.........-----...............|.| |...............-- |.| ---.--.......--- |...---.........--|.| ---............-- |.| ------|....---...| |.--- |..---...-- |.| |............| |.| |.|..---..-------- |.| ---- |...| |.| |.........---- ---- |.| --...........-- |.| ----- --.| |...----..| --..| |.-- |.............---- |.| -----..|--- --..| |..---- |...--|..| ----........--.....| |.| --.|....-->-- |-.----...|.---....||..| --.--.--.-------....-- |.| |...........-- |...|-............------ |.........--------...-#---.| |....--......| --.-|.............| |..........................I@# ---------....-- -----............| --.....--...-------------..| --....| ---...---.|.-- |.....|---..-- |(<| --...| --..| ----- ---...| |....| ---- |..-- ---- ----- ---..| ---- ---- Zazza the Rambler Experience level: 1 Strength: 11 Dexterity: 11 Constitution: 15 Intelligence: 11 Wisdom: 10 Charisma: 18 Health: 0(10) Energy: 2(2) Def: 0 Gold: 508 Moves: 991 Dungeon seed: TnxPQRYc9f-SLynH Game ID: Zazza_1619540929 Your Inventory: Coins $ - 508 gold pieces Weapons a - 28 blessed +2 darts (in quiver) Armor e - an uncursed +0 Hawaiian shirt (being worn) r - a blessed +0 dwarvish cloak y - a cursed -1 pair of iron shoes Comestibles b - an uncursed cream pie c - 5 uncursed food rations d - an uncursed carrot f - an uncursed fortune cookie g - an uncursed candy bar h - an uncursed slime mold i - 2 uncursed tripe rations s - an uncursed banana Scrolls k - an uncursed scroll of magic mapping Potions j - 2 uncursed potions of extra healing Wands n - a wand of speed monster (0:1) Tools l - an expensive camera (0:84) m - an uncursed credit card q - an uncursed leash t - a +0 pick-axe (weapon in hand) Spells and supernatural/magical abilities: Name Level Category Fail Memory W - pray for help -- divine ? -- Your skills at the end: Fighting Skills Weapon Skills dart [Basic] Spellcasting Skills Final Attributes: You were aligned. You were fast. You were lucky. You are dead. Vanquished creatures: a dwarf 2 gnomes a jackal a goblin a sewer rat 4 grid bugs a lichen 11 creatures vanquished. Voluntary challenges: You went without food. You never hit with a wielded weapon. You read items or engraved 6 times, starting on turn 73. You never genocided any monsters. You never polymorphed an object. You never changed form. You used no wishes. You never split a pudding. You wrote Elbereth's name 2 times, starting on turn 73. You never violated your personal moral code. Dungeon overview: The Dungeons of Doom: levels 1 to 3 Level 1 a long staircase Level 2 a scroll shop Level 3 a general store stairs to The Gnomish Mines The Gnomish Mines: Level 4 <- You were here stairs to The Dungeons of Doom History has recorded: On T:1 you entered the Dungeons of Doom to retrieve the Amulet of Yendor! On T:305 you reached level 2 of The Dungeons of Doom. On T:893 you reached level 3 of The Dungeons of Doom. On T:935 you reached level 1 of The Gnomish Mines. Score breakdown: Gold: 164 ( 7543 points) Experience: 1 level ( 0 points) Exploration: 4 levels ( 7.69%) ( 7276 points) Discoveries: 1 item ( 0.34%) ( 1737 points) Valuables value: (no points given unless you survive) Artifact value: 0 ( 0 points) Variety of kills: 7 monsters ( 1.84%) ( 4066 points) Turncount: 991 turns ( 0 points) Survival: died (score multiplied by 80%) Total score: 16497 Latest messages: As you read the scroll, it disappears. A map coalesces in your mind! You displace Armand. You hear a chugging sound. You are now wielding your scroll of magic mapping. You are now wielding your pick-axe. You start digging. You hit the rock with all your might. You make an opening in the wall. You start digging. You hit the rock with all your might. You hear some noises. You succeed in cutting away some rock. You start digging. You hit the rock with all your might. You stop digging. You continue digging. You succeed in cutting away some rock. It hits! You die... Final status: Aloha Zazza the Tourist, killed by an invisible dwarf... You died in The Gnomish Mines on dungeon level 4 with 16497 points, and 508 pieces of gold, after 991 moves. You were level 1 with a maximum of 10 hit points when you died.